 Dungeon Crawl Stone Soup version 0.28.0-45-g0d030f2227 (webtiles) character file.

Game seed: 11030303473028870860

18 yony6502 the Skirmisher (level 2, -3/24 HPs)
             Began as a Demonspawn Abyssal Knight on Apr 18, 2022.
             Was a Follower of Lugonu.
             Slain by Terence
             ... wielding a +0 flail
              (7 damage)
             ... on level 1 of the Dungeon.
             The game lasted 00:05:17 (952 turns).

yony6502 the Skirmisher (Demonspawn Abyssal Knight)  Turns: 952, Time: 00:05:17

Health: -3/24      AC:  3    Str: 13    XL:     2   Next: 51%
Magic:  3/3        EV: 11    Int: 11    God:    Lugonu [*.....]
Gold:   2          SH:  0    Dex: 13    Spells: 1/1 levels left

rFire   + . .      SeeInvis .   a - +1 spear
rCold   . . .      Faith    .   (no shield)
rNeg    . . .      Spirit   .   b - +0 leather armour
rPois   .          Reflect  .   (no helmet)
rElec   .          Harm     .   (no cloak)
rCorr   .          Rampage  .   (no gloves)
Will    .....                   (no boots)
Stlth   +.........              (no amulet)
HPRegen 0.08/turn               i - ring of protection from fire
MPRegen 0.08/turn               (no ring)

@: no status effects
A: demonic touch 1
a: Renounce Religion, Depart the Abyss


You were on level 1 of the Dungeon.
You worshipped Lugonu.
Lugonu was aware of your devotion.
You visited 1 branch of the dungeon, and saw 2 of its levels.
You visited the Abyss 1 time.

You collected 2 gold pieces.

Inventory:

Hand Weapons
 a - a +1 spear (weapon)
 d - a +0 dagger
 g - a +0 long sword
Armour
 b - a +0 leather armour (worn)
Jewellery
 i - a ring of protection from fire (left hand)
Scrolls
 e - a scroll of silence {unknown}
 f - a scroll of noise {unknown}
 j - a scroll of teleportation {unknown}
 k - a scroll of acquirement {unknown}
Potions
 c - 2 potions of curing {unknown}
 h - a potion of attraction {unknown}


   Skills:
 + Level 3.5 Fighting
 + Level 2.0 Polearms
 + Level 1.9 Armour
 + Level 1.0 Dodging
 + Level 2.6 Invocations


You had one spell level left.
You didn't know any spells.
Your spell library was empty.

Dungeon Overview and Level Annotations

Branches:
Dungeon (2/15)

Altars:

Shops:
D:1 *

Annotations:
D:1 Terence


Innate Abilities, Weirdness & Mutations

Your touch may inflict minor irresistible damage on your foes.


Message History

You hit the endoplasm but do no damage.
You touch the endoplasm.
You kill the endoplasm!
Lugonu accepts your kill.
c - 2 inky potions (gained 1) Terence the Incautious comes into view.
He is wielding a +0 flail.
Terence says, "Don't bother to defend, it's pointless."
Terence misses you.
You barely miss Terence. Your touch misses Terence.
Terence hits you with a +0 flail!
You hit Terence.
Terence is moderately wounded.
Terence closely misses you.
You hit Terence.
Terence is moderately wounded.
Terence hits you with a +0 flail!
Ouch! That really hurt!
* * * LOW HITPOINT WARNING * * *
Terence looks scornfully at you.
An adder comes into view.
Found 7 gold pieces.
The adder bites you but does no damage. The adder bites you but does no damage.
There is a stone staircase leading up here.
The adder bites you but does no damage. Terence completely misses you.
The adder bites you.
* * * LOW HITPOINT WARNING * * *
You climb upwards.
There is a stone staircase leading down here.
You hit Terence but do no damage.
You touch Terence.
Terence is heavily wounded.
Terence barely misses you.
You completely miss Terence. Your touch misses Terence. You punch Terence.
Terence is severely wounded.
Terence closely misses you.
You hit Terence.
Terence is severely wounded.
Terence barely misses you.
You hit Terence but do no damage.
Terence is severely wounded.
Terence hits you with a +0 flail!
You die... #### +@@# ####

You could see Terence.

Vanquished Creatures
  2 bats
  2 endoplasms
  3 goblins
  A hobgoblin (D:1)
  4 jackals (D:1)
  A ball python (D:1)
  A frilled lizard (D:1)
  2 rats
16 creatures vanquished.

Notes
Turn   | Place    | Note
-------+----------+-------------------------------------------
     0 | Abyss:1  | yony6502 the Demonspawn Abyssal Knight began the quest for
                  | the Orb.
     0 | Abyss:1  | Reached XP level 1. HP: 18/18 MP: 2/2
     0 | D:1      | Escaped the Abyss
    32 | D:1      | Found Darizam's General Store.
   166 | D:1      | Reached * piety under Lugonu
   167 | D:1      | Gained mutation: Your touch may inflict minor irresistible
                  | damage on your foes. [demonic ancestry]
   167 | D:1      | Reached XP level 2. HP: 17/24 MP: 3/3
   570 | D:1      | Found a faded altar of an unknown god.
   579 | D:1      | Reached skill level 1 in Dodging
   929 | D:2      | Noticed Terence
   952 | D:1      | Slain by Terence

Illustrated notes

Levels and vault maps discovered:
D:1:      lightli_arrival_lavapool, layout_basic, serial_shops,
          nicolae_shop_hallway_plus, basic_ecumenical_altar, minmay_misc_feat_x
D:2:      layout_loops_ring, uniq_terence

Skill      XL: |  1  2 |
---------------+-------+-----
Polearms       | 2 |  2.0
Dodging        | 1 |  1.0
Fighting       | |  3.5
Armour         | |  1.9
Invocations    | |  2.6

Action                   || total
-------------------------++-------
Melee: Spear             ||    49
       Touch             ||     4
       Punch             ||     1
Invok: Depart the Abyss  ||     1
 Stab: Sleeping          ||     1
Armor: Leather armour    ||    15
Dodge: Dodged            ||    25
